 Dungeon Crawl Stone Soup version 0.29-a0-392-g297d3b089c (webtiles) character file.

Game seed: 3396978577685622113

8283 happo123 the Grappler (level 11, -16/157 HPs)
             Began as a Troll Berserker on May 8, 2022.
             Was an Elder of Trog.
             Demolished by an ice devil (20 damage)
             ... summoned by a kobold demonologist
             ... on level 10 of the Dungeon.
             The game lasted 00:50:34 (6843 turns).

happo123 the Grappler (Troll Berserker)             Turns: 6843, Time: 00:50:34

Health: -16/157    AC: 25    Str: 37    XL:     11   Next: 7%
Magic:  10/10      EV:  1    Int:  7    God:    Trog [****..]
Gold:   350        SH: 12    Dex:  9    Spells: 10/10 levels left

rFire   . . .      SeeInvis +     - Unarmed
rCold   . . .      Faith    .   B - +0 tower shield
rNeg    . . .      Spirit   .   (body armour currently unavailable)
rPois   +          Reflect  .   (helmet currently unavailable)
rElec   .          Harm     .   (cloak currently unavailable)
rCorr   .          Rampage  .   (gloves unavailable)
Will    .....      NoTele   +   (boots unavailable)
Stlth   ++........              M - amulet of Ignis's Felicitations {Regen+ Int+4 SInv}
HPRegen 1.96/turn               C - +4 ring of evasion
MPRegen 0.12/turn               k - +6 ring of strength

@: tree-form, on berserk cooldown, slowed, very slow
A: stationary, stasis, torment immunity, boosted hp, large, unfitting armour,
(claws 3), regeneration 1, (shaggy fur 1), (tough skin 1)
a: Renounce Religion, Berserk, Trog's Hand, Brothers in Arms


You were on level 10 of the Dungeon.
You worshipped Trog.
Trog was greatly pleased with you.
You were a tree.
You visited 1 branch of the dungeon, and saw 10 of its levels.
You also visited: Bailey.

You collected 350 gold pieces.

Inventory:

Hand Weapons
 q - a +4 quarterstaff of chaos
 E - a +0 war axe
 L - a +2 hand axe
 P - a +0 longbow
Armour
 a - a +0 animal skin
 r - a +0 cloak (melded)
 y - a +0 troll leather armour (melded)
 B - a +0 tower shield (worn)
 O - +0 steam dragon scales
Jewellery
 g - a +6 ring of intelligence
 i - a ring of positive energy
 k - a +6 ring of strength (right branch)
 t - an amulet of faith
 C - a +4 ring of evasion (left branch)
 M - the amulet of Ignis's Felicitations (around neck) {Regen+ Int+4 SInv}
   (You found it on level 9 of the Dungeon)

   [amulet of regeneration]

   Int:       It affects your intelligence (+4).
   SInv:      It lets you see invisible.
   Regen:     It increases your rate of health regeneration.
Wands
 G - a wand of polymorph (6)
 T - a wand of digging (4)
Scrolls
 b - 5 scrolls of teleportation
 c - a scroll of noise {unknown}
 d - a scroll of identify
 h - 2 scrolls of brand weapon
 l - a scroll of enchant armour {unknown}
 n - a scroll of fear {unknown}
 s - 3 scrolls of poison
 u - 2 scrolls of magic mapping
 w - 2 scrolls of vulnerability
 x - 2 scrolls of fog
 z - 3 scrolls of immolation
 R - a scroll of blinking {unknown}
Potions
 e - 5 potions of brilliance
 f - 2 potions of ambrosia {unknown}
 j - 2 potions of mutation
 m - 5 potions of might
 o - 3 potions of heal wounds
 A - 3 potions of curing
 D - 2 potions of cancellation {unknown}
 F - 2 potions of degeneration
 H - 4 potions of haste
 I - a potion of invisibility
 J - a potion of resistance {unknown}
 K - a potion of experience {unknown}
 S - a potion of berserk rage {unknown}
Miscellaneous
 p - a lightning rod (1/4)
 N - a phantom mirror
 Q - a lightning rod (1/4)


   Skills:
 + Level 5.8 Fighting
 + Level 2.0 Staves
 + Level 4.4 Armour
 + Level 5.9 Dodging
 + Level 2.0 Stealth
 + Level 4.7 Shields
 + Level 11.8 Unarmed Combat


You had 10 spell levels left.
You didn't know any spells.
Your spell library was empty.

Dungeon Overview and Level Annotations

Branches:
Dungeon (10/15)            Temple (0/1) D:4          Bailey (visited)
   Lair: D:8-11         Orc: D:9-12

Altars:
Hepliaklqana
Kikubaaqudgha
Nemelex Xobeh
Sif Muna
Beogh

Shops:
D:8 (


Innate Abilities, Weirdness & Mutations

You are a tree.
Your roots penetrate the ground, keeping you stationary.
You cannot be teleported.
You are immune to unholy pain and torment.
Your maximum health is greatly increased.
Your equipment is partially melded.
You are too large for most types of armour.
((You have claws for hands.))
Your natural rate of healing is unusually fast.
((You are covered in fur. (AC +1)))
((You have tough skin. (AC +1)))


Message History

The ufetubus disappears in a puff of smoke! x4
The ufetubus hits you but does no damage.
You block the ufetubus's attack. The ice devil hits you.
The ice devil freezes you!
* * * LOW HITPOINT WARNING * * *
You block the wight's attack.
The kobold demonologist casts a spell.
The iron imp puffs mist at you. The ice devil hits you!
* * * LOW HITPOINT WARNING * * *
The ice devil freezes you!
* * * LOW HITPOINT WARNING * * *
Aiming: Thunderbolt
Press: ? - help, Shift-Dir - straight line, f - kobold demonologist
Aim: a kobold demonologist, wielding a +0 club, wearing a +0 robe and wearing an amulet of reflection (almost dead)
The thunderbolt hits the wight!
The wight is almost destroyed.
The thunderbolt hits the ufetubus!
You kill the ufetubus!
The ufetubus disappears in a puff of smoke!
The thunderbolt hits the kobold demonologist.
The kobold demonologist is almost dead.
The kobold demonologist hits you with a +0 club.
* * * LOW HITPOINT WARNING * * *
You block the wight's attack. The ice devil barely misses you.
The rust devil misses you.
The kobold demonologist hits you but does no damage.
The wight closely misses you.
You turn into a tree.
Your +0 cloak melds into your body.
Your +0 troll leather armour melds into your body.
Your roots penetrate the ground.
You block the ice devil's attack. You block the rust devil's attack.
The iron imp hits you.
* * * LOW HITPOINT WARNING * * *
The kobold demonologist hits you but does no damage.
The wight hits you from afar with a +1 halberd.
* * * LOW HITPOINT WARNING * * *
The ice devil hits you.
* * * LOW HITPOINT WARNING * * *
The ice devil freezes you!!
You die...

#.# # #.# ..
##.## #..
###...######
#?#
#..........#
##.##
#.#...####.#
##..5###.##.##
#.#
#...z5##.##.#
#.#
###..z3K♣4.##.#
#.#
#.....z4#####.#
#.# ...#...z##
#.# #.# ##)###
#.# #.# #.. #.#
...Y #.# #....
#.##### #....
#.....# .....
#####.#


You could see an ice devil (summoned), a rust devil (summoned), a kobold
demonologist, a neqoxec (summoned), an iron imp (summoned), 4 wights and a
crimson imp (summoned).

Vanquished Creatures
  A centaur warrior (D:9)
  An orange crystal statue (D:9)
  An orc knight (Bailey)
  An ugly thing (D:9)
  An unseen horror (D:6)
  A kobold demonologist (D:10)
  A troll (D:5)
  The ghost of osinmv the Digger, an amateur DEEE of Vehumet (D:4)
  A wyvern (D:8)
  8 yaks
  2 steam dragons
  An acid dragon (D:9)
  4 water moccasins
  An orc warrior (D:4)
  A black bear (D:5)
  3 ice beasts
  3 centaurs
  2 kobold brigands
  3 phantoms
  5 bullfrogs
  2 necrophages
  3 scorpions (D:5)
  A gnoll sergeant (D:8)
  9 wights
  7 killer bees
  3 electric eels (D:10)
  2 howler monkeys
  Crazy Yiuf (D:3)
  2 hounds
  2 orc priests
  4 iguanas
  3 orc wizards
  13 gnolls
  3 adders
  A white imp (D:6)
  2 ufetubi (D:6)
  A worm (D:5)
  3 dart slugs
  34 orcs
  7 endoplasms
  5 giant cockroaches
  5 goblins
  8 hobgoblins
  4 quokkas
  4 ball pythons
  3 bats
  7 frilled lizards
  13 kobolds
  5 rats
199 creatures vanquished.

Vanquished Creatures (others)
  6 plants (D:2)
6 creatures vanquished.

Grand Total: 205 creatures vanquished

Notes
Turn   | Place    | Note
-------+----------+-------------------------------------------
     0 | D:1      | happo123 the Troll Berserker began the quest for the Orb.
     0 | D:1      | Reached XP level 1. HP: 22/22 MP: 0/0
   171 | D:1      | Reached XP level 2. HP: 23/29 MP: 1/1
   229 | D:1      | Found a faded altar of an unknown god.
   515 | D:2      | Reached XP level 3. HP: 36/36 MP: 2/2
   560 | D:2      | Reached ** piety under Trog
  1091 | D:3      | Found a runed translucent door.
  1092 | D:3      | Noticed Crazy Yiuf
  1098 | D:3      | Killed Crazy Yiuf
  1099 | D:3      | Reached skill level 4 in Unarmed Combat
  1099 | D:3      | Reached XP level 4. HP: 45/45 MP: 3/3
  1181 | D:3      | Found an ancient bone altar of Kikubaaqudgha.
  1185 | D:3      | Found a sparkling altar of Nemelex Xobeh.
  1186 | D:3      | Found a hazy altar of Hepliaklqana.
  1187 | D:3      | Found a shimmering blue altar of Sif Muna.
  1680 | D:4      | Reached XP level 5. HP: 35/53 MP: 4/4
  1806 | D:4      | Found a runed translucent gate.
  1806 | D:4      | Found a runed translucent gate.
  1808 | D:4      | Found a runed translucent gate.
  1808 | D:4      | Noticed osinmv's ghost (amateur DEEE)
  1842 | D:4      | Found a staircase to the Ecumenical Temple.
  1942 | D:4      | Noticed an orc warrior
  1961 | D:4      | Killed an orc warrior
  1962 | D:4      | Reached skill level 5 in Unarmed Combat
  1962 | D:4      | Reached XP level 6. HP: 15/61 MP: 5/5
  2173 | D:4      | Killed osinmv's ghost
  2174 | D:4      | Reached skill level 6 in Unarmed Combat
  2177 | D:4      | Reached XP level 7. HP: 67/67 MP: 6/6
  2186 | D:4      | Reached skill level 1 in Staves
  2231 | D:5      | Entered Level 5 of the Dungeon
  2315 | D:5      | Noticed a troll
  2328 | D:5      | Killed a troll
  2329 | D:5      | Reached skill level 1 in Stealth
  2334 | D:5      | Reached skill level 7 in Unarmed Combat
  2564 | D:5      | Reached XP level 8. HP: 51/78 MP: 7/7
  2760 | D:5      | Reached skill level 1 in Armour
  2919 | D:5      | Reached skill level 8 in Unarmed Combat
  3115 | D:6      | Reached *** piety under Trog
  3306 | D:6      | Reached XP level 9. HP: 79/85 MP: 8/8
  3345 | D:6      | Reached skill level 9 in Unarmed Combat
  3432 | D:6      | Killed an unseen horror
  3703 | D:6      | Reached skill level 1 in Shields
  4225 | D:7      | Reached skill level 5 in Fighting
  4225 | D:7      | Reached skill level 5 in Dodging
  4613 | D:8      | Reached skill level 10 in Unarmed Combat
  4626 | D:8      | Found Upranau's Antique Weapon Shoppe.
  4724 | D:8      | Found a flagged portal.
  4736 | Bailey   | Entered a bailey
  4932 | Bailey   | Reached XP level 10. HP: 73/87 MP: 9/9
  4938 | Bailey   | Noticed an orc knight
  4951 | Bailey   | Killed an orc knight
  5727 | D:9      | Noticed a purple ugly thing
  5736 | D:9      | Killed a purple ugly thing
  5882 | D:9      | Noticed an orange crystal statue
  6006 | D:9      | Killed an orange crystal statue
  6007 | D:9      | Reached skill level 11 in Unarmed Combat
  6014 | D:9      | Identified the amulet of Ignis's Felicitations {Regen+
                  | Int+4 SInv}
  6223 | D:9      | Noticed a centaur warrior
  6229 | D:9      | Reached **** piety under Trog
  6274 | D:9      | Killed a centaur warrior
  6665 | D:10     | Entered Level 10 of the Dungeon
  6803 | D:10     | Noticed an orange demon
  6809 | D:10     | Noticed a sixfirhy
  6812 | D:10     | Noticed a soul eater
  6820 | D:10     | Reached XP level 11. HP: 94/105 MP: 10/10
  6841 | D:10     | HP: 2/105 [ice devil[a kobold demonologist] (13)]
  6843 | D:10     | Demolished by an ice devil

Illustrated notes

Levels and vault maps discovered:
D:1:      minmay_arrival_loop, layout_rooms, hellmonk_ecumenical_altar_run_dry
D:2:      minmay_spotlight, layout_basic, minmay_lizard_king
D:3:      layout_loops_ring, mainiacjoe_overflow_alcove_3,
          uniq_crazy_yiuf_cottage
D:4:      wander_river, layout_rooms, lemuel_temple_firewalk_b,
          biasface_ghost_orc_armoury
D:5:      layout_basic, minmay_manual_mullet
D:6:      layout_basic, serial_glass, glass_columns_b, glass_columns_a,
          minmay_puff
D:7:      layout_basic
D:8:      layout_loops_ring, enter_bailey_4, nicolae_stop_n_shop_2
D:9:      layout_basic, minivault_15
D:10:     minmay_tri_box, layout_loops_ring, kennysheep_cross_bottleneck,
          minmay_sticks_and_stones

Skill      XL: |  1  2  3  4  5  6  7  8  9 10 11 |
---------------+----------------------------------+-----
Dodging        | 3 4 5 |  5.9
Fighting       | 3 4 5 |  5.8
Unarmed Combat | 4 5 6 7 8 10 11 | 11.8
Staves         | 1 2 |  2.0
Stealth        | 1 2 |  2.0
Armour         | 2 3 4 |  4.4
Shields        | 3 4 |  4.7

Action                   |  1- 3 |  4- 6 |  7- 9 | 10-12 || total
-------------------------+-------+-------+-------+-------++-------
Melee: Unarmed           |   107 |    55 |   281 |   180 ||   623
       Punch             |     1 |     2 |     4 |       ||     7
       Quarterstaff      |       |    16 |       |       ||    16
Invok: Berserk           |     1 |     2 |     1 |     6 ||    10
       Trog's Hand       |       |     1 |     1 |     2 ||     4
Evoke: Lightning rod     |       |       |       |     3 ||     3
  Use: Scroll            |       |     2 |     7 |     8 ||    17
       Potion            |       |       |     1 |     3 ||     4
 Stab: Sleeping          |     1 |       |     2 |     2 ||     5
Armor: Animal skin       |    33 |    11 |     9 |       ||    53
       Troll leather arm |       |       |    81 |    28 ||   109
       Skin              |       |       |    13 |     1 ||    14
Dodge: Dodged            |    62 |    23 |   121 |    81 ||   287
Block: Tower shield      |       |       |   145 |   113 ||   258

Table legend: (Time is in decaauts)
 A = Elapsed time spent in this place.
 B = Non-inter-level travel time spent in this place.
 C = Inter-level travel time spent in this place.
 D = Time resting spent in this place.
 E = Time spent auto-exploring this place.
 F = Levels seen in this place.
 G = Mean time per level.
                   A        B        C        D        E       F      G
               +--------+--------+--------+--------+--------+-----+--------+
         Total |   6985 |   3982 |   3003 |     10 |   2184 |  11 |  635.0 |
       Dungeon |   6606 |   3603 |   3003 |     10 |   2184 |  10 |  660.6 |
        Bailey |    378 |    378 |      0 |      0 |      0 |   1 |  378.0 |
               +--------+--------+--------+--------+--------+-----+--------+

Top non-repeatable levels by time:
     D:6: 999 daAuts
     D:9: 951 daAuts
     D:5: 863 daAuts
     D:8: 813 daAuts
     D:3: 698 daAuts
     D:4: 656 daAuts
     D:7: 551 daAuts
     D:2: 489 daAuts
     D:1: 404 daAuts
  Bailey: 378 daAuts
    D:10: 177 daAuts
